 Dungeon Crawl Stone Soup version 0.27-a0-277-g024f7ef292 (webtiles) character file.

Game seed: 7971367938637688475

540 Nattfarinn the Summoner (level 7, -8/48 HPs)
             Began as a Barachi Summoner on Feb 6, 2021.
             Was an Initiate of Cheibriados.
             Mangled by an orc warrior
             ... wielding a +0 war axe
              (19 damage)
             ... on level 6 of the Dungeon.
             The game lasted 00:18:14 (7363 turns).

Nattfarinn the Summoner (Barachi Summoner)          Turns: 7363, Time: 00:18:14

Health: -8/48      AC:  5    Str: 15    XL:     7   Next: 26%
Magic:  2/12       EV: 16    Int: 18    God:    Cheibriados [......]
Gold:   303        SH:  0    Dex: 13    Spells: 3/13 levels left

rFire    + . .     SeeInvis .   D - +6 club
rCold    . . .     Faith    .   (no shield)
rNeg     . . .     Spirit   .   r - +0 robe of Satisfaction {rF+ Str+4}
rPois    .         Reflect  .   (no helmet)
rElec    .         Harm     .   b - +1 cloak
rCorr    .         Rampage  .   i - +0 pair of gloves (curse)
Will     .....                  (no boots)
Stlth    ++........             (no amulet)
HPRegen  0.16/turn              e - +4 ring of evasion
MPRegen  0.13/turn              j - ring of wizardry

@: can't hop, very slow
A: +LOS, swims, slowness 1, strong legs 1
a: Hop, Renounce Religion, Bend Time


You were on level 6 of the Dungeon.
You worshipped Cheibriados.
Cheibriados was noncommittal.
You visited 1 branch of the dungeon, and saw 6 of its levels.

You collected 303 gold pieces.

Inventory:

Hand Weapons
 d - a +0 dagger
 q - the +8 shortbow of the Middle {venom, rC++ Int-4}
   (You found it on level 3 of the Dungeon)

   It poisons the ammo it fires.
   It affects your intelligence (-4).
   It greatly protects you from cold.
 D - a +6 club (weapon)
Missiles
 h - 23 boomerangs (quivered)
Armour
 a - a +0 robe
 b - a +1 cloak (worn)
 i - a cursed +0 pair of gloves (worn)
 o - a +2 robe of willpower
 r - the +0 robe of Satisfaction (worn) {rF+ Str+4}
   (You found it on level 4 of the Dungeon)

   It affects your strength (+4).
   It protects you from fire.
 y - the +1 ring mail of Itoisu {rF+ Will+ Str+3, unknown}
   (You found it on level 5 of the Dungeon)

   It affects your strength (+3).
   It protects you from fire.
   It affects your willpower, your defense against some magical effects.
Jewellery
 e - a +4 ring of evasion (left hand)
 j - a ring of wizardry (right hand)
 p - a +4 ring of protection {unknown}
 t - an uncursed ring of fire {unknown}
 x - an uncursed amulet of faith {unknown}
Wands
 B - a wand of iceblast (11)
 C - a wand of mindburst (11)
Scrolls
 c - 3 scrolls of remove curse {unknown}
 f - a scroll of enchant weapon {unknown}
 k - 4 scrolls of identify
 l - 3 scrolls of amnesia {unknown}
 m - 6 scrolls of enchant armour {unknown}
 n - 5 scrolls of teleportation {unknown}
 u - a scroll of fog {unknown}
 v - a scroll of acquirement {unknown}
 w - a scroll of magic mapping {unknown}
 z - a scroll of fear {unknown}
Potions
 g - 5 potions of curing
 s - 2 potions of lignification {unknown}
 A - a potion of haste {unknown}
 E - a potion of invisibility {unknown}


   Skills:
 - Level 1.0 Fighting
 - Level 1.8 Armour
 - Level 2.4 Dodging
 - Level 1.7 Stealth
 + Level 3.7 Spellcasting
 * Level 9.1 Summonings


You had 3 spell levels left.
You knew the following spells:

 Your Spells              Type           Power        Failure   Level
a - Summon Small Mammal   Summ           100%         1%          1
b - Call Imp              Summ           36%          1%          2
c - Call Canine Familiar  Summ           36%          1%          3
d - Summon Lightning Spi  Summ/Air       19%          10%         4

Your spell library contained the following spells:

 Spells                   Type           Power        Failure   Level
 Summon Guardian Golem    Hex/Summ       19%          2%          3
 Summon Ice Beast         Ice/Summ       19%          10%         4


Dungeon Overview and Level Annotations

Branches:
Dungeon (6/15)
 Temple: D:4-7

Altars:
Cheibriados
Makhleb
Ru
Trog

Annotations:
D:3 1 runed translucent door, Crazy Yiuf
D:4 1 runed translucent door, anet's ghost, weakling GnDe


Innate Abilities, Weirdness & Mutations

You can be seen from farther away. (+LOS)
You can swim through water.
You cover ground slowly.
You can hop short distances.


Message History

The orc warrior shouts!
Your magical contamination has completely faded away.
Casting: Summon Lightning Spire (quite dangerous; 10% risk of failure)
Confirm with . or Enter, or press ? or * to list all spells.
The spell is quite dangerous to cast (10% risk of failure)!
Continue anyway?
An electric hum fills the air.
The orc warrior misses you.
The orc warrior hits your lightning spire but does no damage.
You hit the orc warrior.
The orc warrior is almost dead.
The orc warrior hits you with a +0 war axe!!
* * * LOW HITPOINT WARNING * * *
The orc warrior hits your lightning spire but does no damage.
Okay, then.
Hop to where?
Press: ? - help, Dir - move target Boing!
Okay, then.
The orc warrior hits you with a +0 war axe!!
You die...

############ ###
#..........# #..
#.>........# #..
#..........# #..
#<...##...## #..
##...##..†## #..
######@...# ########.
+....o....# ##.....##.
#8........# #.........
##.......######>.......
##.##..>##..##........
#.##.......#.........
##..............'....<....
##.o...#######..####...###
##.....# ########...###


You could see an orc warrior and a friendly lightning spire (summoned).

Vanquished Creatures
  2 orc wizards (D:4)
  A hound zombie (D:5)
  A worker ant zombie (D:5)
  3 adders
  An adder skeleton (D:4)
  A leopard gecko (D:4)
  An orc (D:4)
  5 goblins
  3 hobgoblins
  2 jackals (D:1)
  3 quokkas
  A ball python (D:3)
  5 bats
  3 frilled lizards
  4 kobolds (D:1)
  6 rats
42 creatures vanquished.

Vanquished Creatures (collateral kills)
  An ice beast (D:5)
  An ogre (D:4)
  A centaur (D:4)
  A hound (D:6)
  2 orc priests
  An iguana (D:4)
  A worker ant (D:4)
  Ijyb (D:5)
  3 orc wizards
  Terence (D:3)
  2 hound skeletons (D:4)
  3 gnolls (D:2)
  8 adders
  A white imp (D:5)
  2 ufetubi (D:5)
  3 oozes (D:3)
  An adder zombie (D:5)
  A worm (D:2)
  2 dart slugs
  3 leopard geckos
  17 orcs
  5 bats
  4 giant cockroaches
  9 goblins
  4 hobgoblins
  6 jackals (D:1)
  5 kobolds
  2 frilled lizards
  A leopard gecko zombie (D:5)
  2 rats
94 creatures vanquished.

Grand Total: 136 creatures vanquished

Notes
Turn   | Place    | Note
-------+----------+-------------------------------------------
     0 | D:1      | Nattfarinn the Barachi Summoner began the quest for the
                  | Orb.
     0 | D:1      | Reached XP level 1. HP: 13/13 MP: 3/3
   401 | D:1      | Reached skill level 5 in Summonings
   461 | D:1      | Reached XP level 2. HP: 9/19 MP: 1/5
   501 | D:1      | Learned a level 2 spell: Call Imp
   759 | D:1      | Reached skill level 1 in Armour
  1216 | D:1      | Reached XP level 3. HP: 25/25 MP: 6/6
  1994 | D:2      | Reached skill level 1 in Fighting
  2353 | D:2      | Reached XP level 4. HP: 32/32 MP: 3/7
  2398 | D:2      | Found a bloodstained altar of Trog.
  2530 | D:2      | Reached skill level 6 in Summonings
  3252 | D:3      | Learned a level 3 spell: Call Canine Familiar
  3313 | D:3      | Found a runed translucent door.
  3314 | D:3      | Noticed Crazy Yiuf
  3423 | D:3      | Noticed Terence
  3440 | D:3      | Killed Terence
  3647 | D:3      | Reached XP level 5. HP: 36/37 MP: 8/8
  3855 | D:3      | Got an iridescent shortbow
  3856 | D:3      | Identified the +8 shortbow of the Middle {venom, rC++
                  | Int-4} (You found it on level 3 of the Dungeon)
  4214 | D:3      | Reached skill level 7 in Summonings
  5131 | D:4      | Found a runed translucent door.
  5131 | D:4      | Noticed anet's ghost (weakling GnDe)
  5183 | D:4      | Reached XP level 6. HP: 32/43 MP: 6/9
  5463 | D:4      | Reached skill level 8 in Summonings
  5520 | D:4      | Found a sacrificial altar of Ru.
  5581 | D:4      | Learned a level 4 spell: Summon Lightning Spire
  5617 | D:4      | Found a burning altar of Makhleb.
  5617 | D:4      | Noticed a cacodemon
  5680 | D:4      | Identified the cursed +0 robe "Woon" {*Drain Will+++ rCorr
                  | Dex+2}
  5833 | D:4      | Got a warped robe
  5844 | D:4      | Identified the +0 robe of Satisfaction {rF+ Str+4} (You
                  | found it on level 4 of the Dungeon)
  6272 | D:5      | Entered Level 5 of the Dungeon
  6316 | D:5      | Found a snail-covered altar of Cheibriados.
  6328 | D:5      | Became a worshipper of Cheibriados the Contemplative
  6542 | D:5      | Noticed an ice beast
  6548 | D:5      | Killed an ice beast
  6549 | D:5      | Reached XP level 7. HP: 48/48 MP: 7/12
  6612 | D:5      | Got a jewelled ring mail
  6922 | D:5      | Noticed Ijyb
  6934 | D:5      | Killed Ijyb
  7028 | D:5      | Reached skill level 9 in Summonings
  7298 | D:6      | Found a bloodstained altar of Trog.
  7363 | D:6      | Mangled by an orc warrior

Illustrated notes

Levels and vault maps discovered:
D:1:      beargit_arrival_greenhouse, layout_loops_ring, minmay_tetromino_i2
D:2:      layout_loops_ring, lemuel_coloured_pillars_altar, st_stairs_2
D:3:      minmay_octagon_keep, layout_loops_cross, chequers_jeans,
          uniq_crazy_yiuf_cottage, uniq_terence
D:4:      layout_basic, makhleb_altar_promises_db, marbit_many_paths,
          hellmonk_ghost_happy_afterlife
D:5:      layout_gridville, basic_altar, supply_closet_lemuel,
          hangedman_decor_riveting, uniq_ijyb
D:6:      layout_gridville, kennysheep_mini_moat,
          minmay_temple_entry_statues_pillars, basic_altar, trog_butcher_becter

Skill      XL: |  1  2  3  4  5  6  7 |
---------------+----------------------+-----
Summonings     | 5 6 7 8 9 |  9.1
Armour         | 1 |  1.8
Fighting       | 1 |  1.0
Spellcasting   | 3 |  3.7
Dodging        | |  2.4
Stealth        | |  1.7

Action                   |  1- 3 |  4- 6 |  7- 9 || total
-------------------------+-------+-------+-------++-------
Melee: Dagger            |    90 |   177 |    16 ||   283
       Unarmed           |     9 |       |       ||     9
       Club              |       |       |     4 ||     4
Throw: Boomerang         |     3 |     9 |       ||    12
 Cast: Summon Small Mamm |    11 |       |       ||    11
       Call Imp          |    20 |    23 |       ||    43
       Call Canine Famil |       |    22 |       ||    22
       Summon Lightning  |       |     9 |    10 ||    19
 Abil: Hop               |       |     1 |     1 ||     2
  Use: Scroll            |       |     1 |       ||     1
 Stab: Sleeping          |     1 |     4 |       ||     5
       Distracted        |     1 |     2 |       ||     3
Armor: Robe              |    46 |    46 |     3 ||    95
Dodge: Dodged            |   130 |   161 |    18 ||   309

Table legend: (Time is in decaauts)
 A = Elapsed time spent in this place.
 B = Non-inter-level travel time spent in this place.
 C = Inter-level travel time spent in this place.
 D = Time resting spent in this place.
 E = Time spent auto-exploring this place.
 F = Levels seen in this place.
 G = Mean time per level.
                   A        B        C        D        E       F      G
               +--------+--------+--------+--------+--------+-----+--------+
         Total |   8198 |   8022 |    176 |   1978 |   4610 |   6 | 1366.3 |
       Dungeon |   8198 |   8022 |    176 |   1978 |   4610 |   6 | 1366.3 |
               +--------+--------+--------+--------+--------+-----+--------+

Top non-repeatable levels by time:
     D:3: 1933 daAuts
     D:1: 1784 daAuts
     D:4: 1736 daAuts
     D:2: 1348 daAuts
     D:5: 1221 daAuts
     D:6: 173 daAuts
